 Dungeon Crawl Stone Soup version 0.17-a0-155-g14e20c2 (webtiles) character file.

88882 karlm the Spear-Bearer (level 15, -5/101 HPs)
             Began as a Gargoyle Fighter on Mar 25, 2015.
             Was the Champion of Okawaru.
             Slain by an ice devil (15 damage)
             ... summoned by an orc high priest
             ... on level 3 of the Orcish Mines.
             The game lasted 01:29:35 (26059 turns).

karlm the Spear-Bearer (Gargoyle Fighter)          Turns: 26059, Time: 01:29:35

Health: -5/101     AC:  9    Str: 34    XL:     15   Next: 95%
Magic:  26/26      EV:  6    Int:  9    God:    Okawaru [******]
Gold:   699        SH: 15    Dex: 16    Spells: 0 memorised, 14 levels left

rFire  . . .     SeeInvis .     r - +7 demon trident (venom)
rCold  . . .     Clarity  +     F - +1 crystal plate armour of Slovenliness {god gift, Dex+3}
rNeg   + . .     SustAb   .     S - +0 shield {AC+3} {god gift}
rPois  ∞         Gourm    .     a - +0 helmet
rElec  +         Spirit   .     i - +0 cloak of Strinuoc {+Fly Dex+4 Stlth+}
rCorr  .         Warding  .     O - +1 pair of gloves {Str+3} {god gift}
rMut   .         Stasis   .     E - +0 pair of boots
MR     +....                    h - amulet of clarity
Stlth  ..........               l - +5 ring of strength
                                b - +3 ring of slaying

@: corroded equipment, flying, somewhat resistant to hostile enchantments,
extremely unstealthy
A: able to fly continuously, big wings, negative energy resistance 1,
electricity resistance, unbreathing, petrification resistance, rot immunity, AC
+11
a: Stop Flying, Heroism, Finesse, Renounce Religion


You were on level 3 of the Orcish Mines.
You worshipped Okawaru.
Okawaru was exalted by your worship.
You were hungry.

You visited 4 branches of the dungeon, and saw 27 of its levels.
You also visited: Labyrinth and Ossuary.

You collected 2374 gold pieces.
You spent 1675 gold pieces at shops.

Inventory:

Hand weapons
 r - a +7 demon trident of venom (weapon)
Missiles
 d - 5 tomahawks (quivered)
 m - 6 silver javelins
 L - 2 throwing nets
 T - 10 javelins
Armour
 a - a +0 helmet (worn)
 i - the +0 cloak of Strinuoc (worn) {+Fly Dex+4 Stlth+}
   (You acquired it on level 1 of the Lair of Beasts)

   It affects your dexterity (+4).
   It lets you fly.
   It makes you more stealthy.
 E - a +0 pair of boots (worn)
 F - the +1 crystal plate armour of Slovenliness (worn) {god gift, Dex+3}
   (Okawaru gifted it to you on level 7 of the Lair of Beasts)

   It affects your dexterity (+3).
 O - a +1 pair of gloves of strength (worn) {god gift}
 S - a +0 shield of protection (worn) {god gift}
Jewellery
 b - a +3 ring of slaying (left hand)
 h - an amulet of clarity (around neck)
 l - a +5 ring of strength (right hand)
Magical devices
 n - a wand of teleportation (6)
Scrolls
 j - a scroll of amnesia
 k - 14 scrolls of teleportation
 p - 3 scrolls of recharging
 y - 4 scrolls of magic mapping
 M - a scroll of torment
 R - 16 scrolls of remove curse
 W - 4 scrolls of fog
 X - 3 scrolls of immolation
Potions
 e - 4 potions of might
 f - a potion of restore abilities
 o - a potion of cure mutation
 D - 8 potions of curing
 H - 7 potions of heal wounds
 N - 4 potions of cancellation
 V - 4 potions of haste
Miscellaneous
 B - a disc of storms
Comestibles
 G - 11 meat rations


   Skills:
 + Level 14.4 Fighting
 * Level 14.5 Polearms
 + Level 13.0 Armour
 - Level 3.5 Stealth
 + Level 12.6 Shields
 - Level 8.1 Invocations
 + Level 6.0 Evocations


You had 14 spell levels left.
You didn't know any spells.

Dungeon Overview and Level Annotations

Branches:
Dungeon (15/15)            Temple (1/1) D:4            Lair (8/8) D:9
 Shoals (0/5) Lair:6       Spider (0/5) Lair:6        Slime (0/6) Lair:6
    Orc (3/4) D:11            Elf (0/3) Orc:3        Vaults (0/5) D:13
 Depths: D:15

Altars:
Ashenzari
Cheibriados
Dithmenos
Elyvilon
Fedhas
Gozag
Kikubaaqudgha
Makhleb
Nemelex Xobeh
Okawaru
Qazlal
Ru
Sif Muna
Trog
Vehumet
Xom
Yredelemnul
Zin
The Shining One

Shops:
D:9 =   D:13 :   Orc:2 [

Annotations:
D:14 exclusion: Roxanne, Roxanne
Lair:6 exclusion: 2 oklob plants


Innate Abilities, Weirdness & Mutations

You are resistant to torment.
You are immune to poison.
You can fly continuously.
Your stone body is very resilient (AC +11).
Your wings are large and strong.
You resist negative energy.
You are resistant to electric shocks.
You can survive without breathing.
You are immune to petrification.
You are immune to rotting.


Message History

The hell rat's corpse disappears in a puff of smoke!
The orc hits you but does no damage.
The orc sorcerer casts a spell.
You block the ice devil's attack. The rust devil completely misses you.
You hit the orc but do no damage.
The orc is moderately wounded.
You block the orc warrior's attack. You block the cyclops' attack.
You hit the orc.
You kill the orc!
You block the orc sorcerer's attack. The ice devil closely misses you.
You block the rust devil's attack.
You hit the elf zombie! You block the orc warrior's attack.
You block the orc sorcerer's attack.
You hit the elf zombie.
The neqoxec disappears in a puff of smoke!
The iron imp disappears in a puff of smoke! x2
The ice devil hits you.
* * * LOW HITPOINT WARNING * * *
The ice devil freezes you!
You die...

......#...........#..
........#............
....................
..>...........##..$ .
............####.#
...
.............#.#.#...
..............3Z..#
...........ZZ34..#
..........##@oo##
........####Co3#
....#.## oo5# ...###
o§o§8 .. o3§..#
....#. ..... .... .


You could see 2 ice devils, an orc high priest (frenzied), a cyclops, a rust
devil, a neqoxec, a ynoxinul, an orc sorcerer, 2 orc warriors, a quasit, 4 orcs,
a goblin zombie, an orc zombie and an elf zombie.

Vanquished Creatures
  An orc warlord (Orc:3)
  Snorg (Orc:2)
  A minotaur (Lab)
  The ghost of oplop the Spear-Bearer, a powerful MfIE of Ashenzari (Lair:6)
  A yaktaur captain (D:13)
  7 hydras
  The ghost of xeno23 the Magician, a powerful DrWz of Vehumet (D:10)
  A catoblepas (Lair:7)
  Erica (D:10)
  5 centaur warriors
  3 tengu warriors
  3 death yaks (Lair:4)
  A lindwurm (Lair:5)
  Pikel (D:7)
  4 hill giants
  A mana viper (shapeshifter) (D:13)
  3 griffons
  12 elephants
  5 ugly things
  2 cyclopes
  An oklob plant (D:13)
  8 black mambas
  An eye of devastation (shapeshifter) (D:14)
  20 spiny frogs
  2 molten gargoyles (Lair:7)
  Psyche (D:8)
  A yaktaur (D:15)
  A kobold demonologist (D:12)
  2 fire drakes
  A tengu conjurer (D:15)
  A spriggan druid (Lair:8)
  7 komodo dragons
  6 polar bears
  A freezing wraith (D:11)
  17 blink frogs
  A minotaur zombie (Lab)
  9 slime creatures
  A boulder beetle (Lair:5)
  A two-headed ogre (D:11)
  3 ravens
  A tarantella (Orc:3)
  2 trapdoor spiders (Lair:6)
  A vampire (D:13)
  2 basilisks
  14 spriggans
  A spriggan (shapeshifter) (D:13)
  8 redbacks
  A wyvern (D:8)
  5 shadows
  2 wraiths (Ossuary)
  40 yaks
  11 hippogriffs
  2 deep elf magi
  Grum (D:9)
  7 vampire mosquitoes (D:14)
  A yak (shapeshifter) (D:13)
  A deep elf fighter (Orc:3)
  2 steam dragons
  52 wolves
  A warg (Orc:2)
  2 swamp worms (Lair:5)
  Edmund (D:8)
  9 hungry ghosts
  8 porcupines
  3 mottled dragons
  2 ice beasts
  17 water moccasins
  A dwarf (shapeshifter) (D:13)
  3 sky beasts
  6 black bears
  10 orc warriors
  2 slaves (D:7)
  2 eyes of draining
  9 ogres
  3 phantoms
  7 wasps
  5 boring beetles
  11 centaurs
  Sigmund (D:7)
  16 crocodiles
  18 giant frogs
  Blork the orc (Orc:1)
  2 brain worms (Lair:5)
  A gnoll sergeant (D:4)
  2 wyvern zombies
  A water moccasin skeleton (D:7)
  A wyvern skeleton (D:13)
  2 scorpions (D:4)
  15 wights
  11 killer bees (D:10)
  6 crimson imps
  3 centaur zombies
  4 electric eels
  5 lava snakes (Lair:7)
  8 orc priests
  3 giant frog zombies
  8 hounds
  8 jellies
  2 giant frog skeletons
  11 iguanas
  8 hell rats
  19 orc wizards
  A gnoll shaman (D:3)
  9 worker ants
  14 sheep
  A hound skeleton (D:9)
  23 gnolls
  42 river rats
  21 adders
  4 shadow imps
  2 giant mites
  A worm (D:3)
  2 adder zombies (Ossuary)
  An adder skeleton (D:6)
  7 giant geckos
  2 oozes
  95 orcs
  11 bats
  4 giant cockroaches
  14 hobgoblins
  21 jackals
  17 kobolds
  9 quokkas
  2 ball pythons
  A ball python skeleton (Ossuary)
  A giant gecko zombie (D:5)
  5 giant newts
  A giant spore (D:10)
  19 goblins
  A goblin zombie (D:6)
  A hobgoblin zombie (Ossuary)
  2 kobold zombies (Ossuary)
  2 orc zombies (Ossuary)
  13 rats
  A rat zombie (D:6)
  A ballistomycete (D:10)
  A fungus (Lair:8)
  A plant (Lair:6)
905 creatures vanquished.

Vanquished Creatures (others)
  2 hounds
  A giant gecko (D:7)
  A goblin (Orc:3)
  3 fungi
  2 plants
9 creatures vanquished.

Grand Total: 914 creatures vanquished

Notes
Turn   | Place    | Note
--------------------------------------------------------------
     0 | D:1      | karlm, the Gargoyle Fighter, began the quest for the Orb.
     0 | D:1      | Reached XP level 1. HP: 14/14 MP: 1/1
   153 | D:1      | Reached XP level 2. HP: 19/19 MP: 2/2
   568 | D:1      | Reached skill level 1 in Stealth
   742 | D:1      | Reached XP level 3. HP: 23/23 MP: 3/3
  1184 | D:2      | Found a deep blue altar of Sif Muna.
  1339 | D:2      | Reached XP level 4. HP: 29/29 MP: 4/4
  1830 | D:3      | Reached skill level 4 in Fighting
  2516 | D:3      | Reached XP level 5. HP: 33/33 MP: 5/5
  2665 | D:4      | Found a snail-covered altar of Cheibriados.
  2732 | D:4      | Found a staircase to the Ecumenical Temple.
  2744 | Temple   | Entered the Ecumenical Temple
  2864 | D:4      | Reached XP level 6. HP: 33/39 MP: 6/6
  3042 | D:4      | Found a bloodstained altar of Trog.
  3123 | D:4      | Reached skill level 5 in Fighting
  3430 | D:4      | Reached XP level 7. HP: 40/44 MP: 7/7
  3471 | D:4      | Found a radiant altar of Vehumet.
  3681 | D:5      | Entered Level 5 of the Dungeon
  3821 | D:5      | Reached skill level 5 in Armour
  4017 | D:5      | Reached skill level 6 in Fighting
  4038 | D:4      | Reached XP level 8. HP: 44/51 MP: 8/8
  4242 | D:5      | Found an ancient bone altar of Kikubaaqudgha.
  4712 | D:6      | Found a blossoming altar of Fedhas.
  4721 | D:6      | Reached skill level 5 in Shields
  4722 | D:6      | Found an ancient bone altar of Kikubaaqudgha.
  4836 | D:6      | Found a sand-covered staircase.
  4843 | Ossuary  | Entered an ossuary
  4895 | Ossuary  | Reached skill level 5 in Polearms
  4974 | Ossuary  | Noticed a flying skull
  5005 | Ossuary  | Noticed a flying skull
  5006 | Ossuary  | Noticed a flying skull
  5042 | Ossuary  | Noticed a flying skull
  5100 | Ossuary  | Reached skill level 7 in Fighting
  5110 | Ossuary  | Noticed a flying skull
  5419 | D:6      | Found an iron altar of Okawaru.
  5445 | D:6      | Became a worshipper of Warmaster Okawaru
  5505 | D:6      | Reached XP level 9. HP: 40/57 MP: 9/9
  5805 | D:6      | Found a glowing golden altar of the Shining One.
  6430 | D:7      | Found a sparkling altar of Nemelex Xobeh.
  6480 | D:7      | Noticed Sigmund
  6502 | D:7      | Killed Sigmund
  6584 | D:7      | Noticed Pikel
  6663 | D:7      | Reached skill level 8 in Fighting
  6698 | D:7      | Killed Pikel
  6698 | D:7      | Acquired Okawaru's first power
  7181 | D:8      | Reached skill level 9 in Fighting
  7199 | D:8      | Reached XP level 10. HP: 58/66 MP: 10/10
  7308 | D:8      | Noticed Edmund
  7313 | D:8      | Noticed Psyche
  7324 | D:8      | Killed Psyche
  7334 | D:8      | Killed Edmund
  8009 | D:9      | Noticed an angel
  8009 | D:9      | Found a shimmering altar of Xom.
  8011 | D:9      | Found a glowing silver altar of Zin.
  8192 | D:9      | Found Gaepsozo's Jewellery Emporium.
  8199 | D:9      | Bought an uncursed amulet of clarity for 240 gold pieces
  8208 | D:9      | Got a faintly glowing trident
  8209 | D:9      | Identified the +1 trident of Wyrd {drain, rPois rC+ MR- Str+10} (You found it on level 9 of the Dungeon)
  8718 | D:9      | Found a staircase to the Lair.
  8730 | D:9      | Reached skill level 10 in Fighting
  8830 | D:9      | Noticed Grum
  8875 | D:9      | Killed Grum
  9061 | Lair:1   | Entered Level 1 of the Lair of Beasts
  9176 | Lair:1   | Reached XP level 11. HP: 64/73 MP: 11/11
  9777 | Lair:1   | Reached skill level 11 in Fighting
 10175 | Lair:2   | Acquired Okawaru's second power
 10365 | Lair:2   | Reached skill level 1 in Invocations
 10724 | Lair:3   | Noticed a five-headed hydra
 10733 | Lair:3   | Killed a five-headed hydra
 10733 | Lair:3   | Received a gift from Okawaru
 10747 | Lair:3   | Got a pair of jewelled boots {god gift}
 10759 | Lair:3   | Identified the -3 pair of boots of the Storm King {god gift, Str+4} (Okawaru gifted it to you on level 3 of the Lair of Beasts)
 11141 | Lair:4   | Found a labyrinth entrance.
 11171 | Lair:4   | Reached XP level 12. HP: 73/80 MP: 16/18
 11172 | Lair:4   | Reached skill level 10 in Polearms
 11289 | Lab      | Entered a labyrinth
 11370 | Lab      | Reached skill level 12 in Fighting
 12246 | Lab      | Noticed a minotaur
 12257 | Lab      | Killed a minotaur
 14059 | Lair:4   | Noticed a death yak
 14060 | Lair:4   | Noticed a death yak
 14061 | Lair:4   | Noticed a death yak
 14085 | Lair:4   | Killed a death yak
 14085 | Lair:4   | Received a gift from Okawaru
 14107 | Lair:4   | Killed a death yak
 14108 | Lair:4   | Killed a death yak
 14108 | Lair:4   | Reached skill level 10 in Shields
 14108 | Lair:4   | Reached skill level 5 in Invocations
 14111 | Lair:4   | Got a translucent trident {god gift}
 14112 | Lair:4   | Identified the +4 trident of Feulo {god gift, holy, rElec rC- Int+4 Dex-3} (Okawaru gifted it to you on level 4 of the Lair of Beasts)
 14612 | Lair:4   | Reached skill level 10 in Armour
 14780 | Lair:5   | Found a dark tunnel.
 14960 | Lair:5   | Reached XP level 13. HP: 87/87 MP: 21/21
 15204 | Lair:5   | Received a gift from Okawaru
 15208 | Lair:5   | Got a warped crystal plate armour {god gift}
 15219 | Lair:5   | Identified the +0 crystal plate armour of Complete Protection {god gift, +Fly Regen+ Slay-6 Stlth+} (Okawaru gifted it to you on level 5 of the Lair of Beasts)
 15702 | Lair:6   | Found a staircase to the Slime Pits.
 16139 | Lair:6   | HP: 1/87 [acid (8)]
 16209 | Lair:6   | Noticed oplop's ghost (powerful MfIE)
 16785 | Lair:6   | Found a staircase to the Shoals.
 16800 | Lair:6   | Found a hole to the Spider Nest.
 17330 | Lair:6   | Killed oplop's ghost
 17632 | Lair:7   | Reached skill level 13 in Fighting
 17647 | Lair:7   | Received a gift from Okawaru
 17652 | Lair:7   | Got an emerald-encrusted crystal plate armour {god gift}
 17663 | Lair:7   | Identified the +1 crystal plate armour of Slovenliness {god gift, Dex+3} (Okawaru gifted it to you on level 7 of the Lair of Beasts)
 18130 | Lair:7   | Gained mutation: Your wings are large and strong. [gargoyle growth]
 18130 | Lair:7   | Reached XP level 14. HP: 94/94 MP: 25/25
 18651 | Lair:8   | Entered Level 8 of the Lair of Beasts
 18996 | Lair:8   | Reached skill level 1 in Evocations
 19033 | Lair:8   | Received a gift from Okawaru
 19303 | Lair:8   | Received a gift from Okawaru
 20351 | D:10     | Entered Level 10 of the Dungeon
 20422 | D:10     | Noticed xeno23's ghost (powerful DrWz)
 20432 | D:10     | Reached XP level 15. HP: 100/100 MP: 26/26
 20453 | D:10     | Killed xeno23's ghost
 20613 | D:10     | Noticed Erica
 20624 | D:10     | Killed Erica
 20662 | D:10     | Found a staircase to the Lair.
 21255 | D:11     | Found a staircase to the Orcish Mines.
 21452 | D:11     | Reached skill level 14 in Fighting
 22155 | D:12     | Received a gift from Okawaru
 22242 | D:13     | Found Prealol's Book Emporium.
 22559 | D:13     | Found a gate to the Vaults.
 22670 | D:13     | Found a shimmering altar of Xom.
 22822 | D:13     | Found an ancient bone altar of Kikubaaqudgha.
 22858 | D:13     | Reached skill level 5 in Evocations
 23024 | D:13     | Received a gift from Okawaru
 23143 | D:13     | Bought a manual of Polearms for 1435 gold pieces
 23181 | D:14     | Noticed Roxanne
 24025 | D:15     | Entered Level 15 of the Dungeon
 24258 | D:15     | Found a blossoming altar of Fedhas.
 24587 | Lair:1   | Identified 2 scrolls of acquirement
 24591 | Lair:1   | Got a bloodstained cloak
 24602 | Lair:1   | Identified the +0 cloak of Strinuoc {+Fly Dex+4 Stlth+} (You acquired it on level 1 of the Lair of Beasts)
 24754 | Orc:1    | Entered Level 1 of the Orcish Mines
 24927 | Orc:1    | Noticed Blork the orc
 24937 | Orc:1    | Killed Blork the orc
 25051 | Orc:1    | Found a burning altar of Makhleb.
 25237 | Orc:2    | Noticed Snorg
 25243 | Orc:2    | Killed Snorg
 25442 | Orc:2    | Found Anwum's Armour Emporium.
 26000 | Orc:3    | Found a staircase to the Elven Halls.
 26059 | Orc:3    | Slain by an ice devil

Action                   |  1- 3 |  4- 6 |  7- 9 | 10-12 | 13-15 || total
-------------------------+-------+-------+-------+-------+-------++-------
Melee: Trident           |   211 |   276 |   607 |   681 |   921 ||  2696
       Spear             |       |       |   155 |   120 |       ||   275
       Unarmed           |       |       |       |     4 |       ||     4
       Demon trident     |       |       |       |       |  1105 ||  1105
Throw: Stone             |       |     2 |       |       |       ||     2
 Abil: Fly               |       |       |       |       |     1 ||     1
Evoke: Wand              |       |       |     2 |     1 |       ||     3
  Use: Scroll            |       |     9 |     9 |     6 |    12 ||    36
       Potion            |       |       |       |       |     1 ||     1
 Stab: Confused          |       |       |       |     1 |       ||     1
       Fleeing           |       |       |       |     1 |     1 ||     2
  Eat: Chunk             |     2 |     6 |    15 |    18 |    37 ||    78
       Meat ration       |       |       |       |     1 |       ||     1
       Royal jelly       |       |       |       |     1 |       ||     1
